Map: El Dorado

Players

wootwoot - Winner!

  • Race: Protoss Protoss
  • League: Silver
  • Spawn Location: 5:00

ZzdeathgunzZ

  • Race: Terran Terran
  • Spawn Location: 7:00

VOD

Have the link to the VOD?

Description

Time

  • Played on: April 1, 2025, 5:29 p.m.
  • Length: 3:07
Show
View Real Time Build Order
Export as new Build Order

wootwoot Protoss - Winner!

Build Orders:  

Get SALT Encoding   

  12  0:00  Probe  
  13  0:12  Probe  
  14  0:19  Pylon  
  14  0:24  Probe  
  15  0:37  Gateway  
  15  0:42  Assimilator  
  15  0:50  Pylon  
  15  1:08  Gateway  
  15  1:15  Gateway  
  15  1:30  Cybernetics Core  
  15  1:39  Probe  
  16  1:51  Probe  
  17  1:54  Stalker x2  
  21  2:11  Probe  
  22  2:20  Stalker  
  24  2:32  Probe  
  24  2:36  Stalker  
  25  2:44  Probe  
  28  2:46  Pylon  
Show
View Real Time Build Order
Export as new Build Order

ZzdeathgunzZ Terran 

Build Orders:  

Get SALT Encoding   

  12  0:03  SCV  
  13  0:18  Supply Depot, SCV  
  14  0:30  SCV  
  15  0:41  Barracks  
  15  0:42  SCV  
  16  0:51  Refinery  
  16  0:54  SCV  
  17  1:03  Supply Depot  
  17  1:06  SCV  
  18  1:19  SCV  
  19  1:29  Barracks  
  19  1:31  SCV  
  20  1:37  Barracks Reactor  
  20  1:43  SCV  
  21  1:47  Barracks  
  21  1:55  SCV  
  22  2:07  Supply Depot, SCV  
  23  2:19  SCV  
  23  2:21  Barracks Tech Lab  
  24  2:25  Marine  
  24  2:27  Marine  
  24  2:29  Supply Depot  
  26  2:31  SCV  
  26  2:36  Marine  
  28  2:43  Marine  
  29  2:45  Marine  
  29  2:46  Bunker  
Tags
 
League
Silver
Matchup
PvT
Replay Pack
B2M-Replays
Spawn Locations
Close Positions
Add a new tag
Caveats
  • Supply blocks, unpowered buildings, or Contaminate may cause inaccurate times.
  • Supply counts are checked every 10 seconds.